 Dungeon Crawl Stone Soup version 0.30-a0-1066-g63dfefce0d (webtiles) character file.

Game seed: 6220664481412865122

508 jasper the Gusty (level 7, 0/40 HPs)
             Began as a Tengu Air Elementalist on Apr 12, 2023.
             Killed by their own static electricity (3 damage)
             ... on level 5 of the Dungeon.
             The game lasted 00:05:11 (4723 turns).

jasper the Gusty (Tengu Air Elementalist)           Turns: 4723, Time: 00:05:11

Health: 0/40       AC:  4    Str:  8    XL:     7   Next: 18%
Magic:  0/13       EV: 15    Int: 21    God:
Gold:   154        SH:  0    Dex: 15    Spells: 3/13 levels left

rFire   . . .      SeeInvis .    e - +0 hand axe "Undertaker" {freeze, Int+4}
rCold   . . .      Faith    .    (no shield)
rNeg    . . .      Spirit   .    a - +0 robe
rPois   .          Reflect  .    (helmet restricted)
rElec   .          Rampage  .    (no cloak)
rCorr   .                        r - +1 pair of gloves
Will    +....                    (boots unavailable)
Stlth   ++                       (no amulet)
HPRegen 0.26/turn                h - ring of willpower
MPRegen 0.13/turn                (no ring)

@: flying quickly and evasively, quick
A: beak, talons 3, nimble flight
a: no special abilities


You were on level 5 of the Dungeon.
You visited 1 branch of the dungeon, and saw 5 of its levels.

You collected 154 gold pieces.

Inventory:

Hand Weapons
 e - the +0 hand axe "Undertaker" (weapon) {freeze, Int+4}
   (You found it on level 5 of the Dungeon)

   Int:       It affects your intelligence (+4).
 f - a +0 trident
 i - a +3 vampiric spear
Armour
 a - a +0 robe (worn)
 r - a +1 pair of gloves (worn)
Jewellery
 h - a ring of willpower (left hand)
 j - a ring of ice
 y - an amulet of the acrobat
 A - a ring of fire
Wands
 s - a wand of paralysis (6)
Scrolls
 d - 4 scrolls of identify
 m - 2 scrolls of fear
 o - a scroll of magic mapping
 t - a scroll of blinking
Potions
 b - 3 potions of magic
 c - a potion of berserk rage
 g - 2 potions of degeneration
 k - 3 potions of might
 n - a potion of ambrosia


   Skills:
 + Level 2.1 Fighting
 + Level 3.4 Dodging
 - Level 2.0 Stealth
 + Level 3.8 Spellcasting
 - Level 4.0 Conjurations
 * Level 7.0 Air Magic


You had 3 spell levels left.
You knew the following spells:

 Your Spells              Type           Power      Damage    Failure   Level
a - Shock                 Conj/Air       100%       1d9       1%          1
b - Static Discharge      Conj/Air       54%        2-5/arc   1%          2
c - Swiftness             Air            33%        N/A       1%          3
d - Airstrike             Air            16%        2d(3-19)  7%          4

Your spell library contained the following spells:

 Spells                   Type           Power      Damage    Failure   Level
 Stone Arrow              Conj/Erth      24%        3d8       16%         3
 Animate Armour           Summ/Erth      8%         N/A       77%         4
 Lehudib's Crystal Spear  Conj/Erth      6%         10d3      100%        8


Dungeon Overview and Level Annotations

Branches:
Dungeon (5/15)
 Temple: D:4-7

Altars:
Elyvilon
Okawaru
Qazlal
Trog
Uskayaw
Xom


Innate Abilities, Weirdness & Mutations

You have a beak for a mouth.
You have claws for feet.
Your magical nature lets you fly swiftly and evasively.


Message History

The centaur is moderately wounded.
You are struck by an arc of lightning.
The centaur is struck by an arc of lightning.
The centaur is heavily wounded.
You are struck by an arc of lightning.
* * * LOW HITPOINT WARNING * * *
The lightning grounds out.
The centaur barely misses you. x2
The centaur misses you. The centaur closely misses you.
You take 8 damage, and have 12/40 hp.
You now have 3/13 mp.
Casting: Static Discharge (safe; 1% risk of failure)
Confirm with . or Enter, or press ? or * to list all spells.
The centaur is struck by an arc of lightning.
The centaur is severely wounded.
You are struck by an arc of lightning.
* * * LOW HITPOINT WARNING * * *
The lightning grounds out.
The centaur hits you with a +0 spear.
* * * LOW HITPOINT WARNING * * *
The centaur misses you.
You take 7 damage, and have 5/40 hp.
You now have 2/13 mp.
You feel better. The centaur hits you with a +0 spear.
* * * LOW HITPOINT WARNING * * *
The centaur completely misses you. The centaur hits you with a +0 spear.
* * * LOW HITPOINT WARNING * * *
The centaur closely misses you.
You take 2 damage, and have 3/40 hp.
You feel better. The centaur hits you with a +0 spear!
* * * LOW HITPOINT WARNING * * *
The centaur kicks you.
* * * LOW HITPOINT WARNING * * *
Okay, then.
Casting: Static Discharge (safe; 1% risk of failure)
Confirm with . or Enter, or press ? or * to list all spells.
The centaur is struck by an arc of lightning.
The centaur is almost dead.
You are struck by an arc of lightning.
* * * LOW HITPOINT WARNING * * *
The centaur is struck by an arc of lightning.
You kill the centaur!
You are struck by an arc of lightning.
You die...

### ## ..######.. ...
#........###.#
######.......##...#
....#.......##.#.# #
#.).......##.#.# #
#@...........# #
#.......#....# ##
######..##......####.
#.......#).......†.[.
#
#......)...##.#.#####
######
#......#)##.##...# #
.....#
#......#.##.####.## #
.....# .......#.##.#
#..# ## .......
....##...##.# #..# #.


There were no monsters in sight!

Vanquished Creatures
  A centaur (D:5)
  3 scorpions
  A jelly (D:5)
  3 orc priests (D:5)
  2 hounds
  An iguana (D:5)
  An orc wizard (D:5)
  3 adders (D:2)
  An ufetubus (D:5)
  2 worms (D:4)
  3 dart slugs
  8 bats
  11 endoplasms
  2 giant cockroaches
  7 goblins
  7 hobgoblins
  A quokka (D:5)
  5 ball pythons
  5 frilled lizards
  5 kobolds
  A rat (D:3)
73 creatures vanquished.

Vanquished Creatures (others)
  A plant (D:2)
1 creature vanquished.

Grand Total: 74 creatures vanquished

Notes
Turn   | Place    | Note
-------+----------+-------------------------------------------
     0 | D:1      | jasper the Tengu Air Elementalist began the quest for the
                  | Orb.
     0 | D:1      | Reached XP level 1. HP: 10/10 MP: 4/4
    99 | D:1      | Reached XP level 2. HP: 11/15 MP: 1/6
   102 | D:1      | Learned a level 2 spell: Static Discharge
   950 | D:1      | Reached XP level 3. HP: 19/19 MP: 1/7
   954 | D:1      | Learned a level 3 spell: Swiftness
  1788 | D:2      | Reached XP level 4. HP: 16/24 MP: 1/9
  2181 | D:2      | Reached skill level 5 in Air Magic
  2476 | D:3      | Found a bloodstained altar of Trog.
  2490 | D:3      | Noticed a scorpion
  2494 | D:3      | Killed a scorpion
  2495 | D:3      | Gained mutation: Your magical nature lets you fly swiftly
                  | and evasively. [Tengu growth]
  2495 | D:3      | Reached XP level 5. HP: 12/28 MP: 1/10
  2500 | D:3      | Learned a level 4 spell: Airstrike
  2910 | D:3      | Found a faded altar of an unknown god.
  3153 | D:3      | Found a stormy altar of Qazlal.
  3292 | D:3      | Found a glowing golden altar of the Shining One.
  3303 | D:3      | Found a white marble altar of Elyvilon.
  3303 | D:3      | Found a glowing golden altar of the Shining One.
  3305 | D:3      | Found an iron altar of Okawaru.
  3305 | D:3      | Found a shimmering altar of Xom.
  3305 | D:3      | Found an iron altar of Okawaru.
  3877 | D:4      | Reached skill level 1 in Fighting
  3877 | D:4      | Reached skill level 6 in Air Magic
  3877 | D:4      | Reached XP level 6. HP: 23/34 MP: 2/12
  4033 | D:4      | Found a hide-covered altar of Uskayaw.
  4415 | D:5      | Entered Level 5 of the Dungeon
  4451 | D:5      | Identified the +0 hand axe "Undertaker" {freeze, Int+4}
  4646 | D:5      | Reached XP level 7. HP: 39/39 MP: 6/13
  4654 | D:5      | Reached skill level 7 in Air Magic
  4723 | D:5      | Killed from afar by themself

Illustrated notes

Levels and vault maps discovered:
D:1:      minmay_arrival_shattered_statue, layout_basic
D:2:      layout_basic, serial_rivers, chequers_serial_rivers_micro_b,
          chequers_serial_rivers_small_b, chequers_serial_rivers_large_b,
          chequers_serial_rivers_small_3, serial_bayou_ford_a
D:3:      layout_loops_ring, mainiacjoe_overflow_large_starburst,
          doesnt_xom_only_xom, hellmonk_ecumenical_altar_heavens_door,
          kennysheep_generic_room_2
D:4:      layout_loops_ring, mainiacjoe_overflow_cross_hatched, minivault_4
D:5:      layout_rooms, minmay_temple_entry_antechambers

Skill      XL: |  1  2  3  4  5  6  7 |
---------------+----------------------+-----
Conjurations   | 2 3 4 |  4.0
Air Magic      | 5 6 7 |  7.0
Spellcasting   | 3 |  3.8
Fighting       | 1 2 |  2.1
Dodging        | 3 |  3.4
Stealth        | |  2.0

Action                     |  1- 3 |  4- 6 |  7- 9 || total
---------------------------+-------+-------+-------++-------
  Melee: Unarmed           |     6 |       |       ||     6
         Peck              |     2 |       |       ||     2
         Trident           |     7 |       |       ||     7
         Kick              |     2 |       |     1 ||     3
         Spear             |     2 |     2 |       ||     4
         Hand axe          |       |       |     2 ||     2
   Cast: Shock             |    61 |    75 |     2 ||   138
         Static Discharge  |     6 |    22 |     6 ||    34
    Use: Scroll            |     2 |    14 |       ||    16
         Potion            |       |       |     2 ||     2
 Armour: Robe              |     9 |     2 |     1 ||    12
  Dodge: Dodged            |    16 |    15 |    12 ||    43

Table legend: (Time is in decaauts)
 A = Elapsed time spent in this place.
 B = Non-inter-level travel time spent in this place.
 C = Inter-level travel time spent in this place.
 D = Time resting spent in this place.
 E = Time spent auto-exploring this place.
 F = Levels seen in this place.
 G = Mean time per level.
                   A        B        C        D        E       F      G
               +--------+--------+--------+--------+--------+-----+--------+
         Total |   4640 |   4561 |     79 |     76 |   4056 |   5 |  928.0 |
       Dungeon |   4640 |   4561 |     79 |     76 |   4056 |   5 |  928.0 |
               +--------+--------+--------+--------+--------+-----+--------+

Top non-repeatable levels by time:
     D:1: 1236 daAuts
     D:2: 1189 daAuts
     D:4: 1005 daAuts
     D:3: 909 daAuts
     D:5: 299 daAuts
